[Event "XIX Najdorf Memorial 2019"]
[Site "Warsaw"]
[Date "2019.07.12"]
[Round "7.10"]
[White "Goluch, Piotr"]
[Black "Jaskolka, Tomasz"]
[Result "1/2-1/2"]
[ECO "D79"]
[WhiteElo "2386"]
[BlackElo "2236"]
[Annotator "NA"]
[PlyCount "139"]
[EventDate "2019.07.06"]
[EventType "swiss"]
[EventCountry "POL"]
[SourceTitle "playchess.com"]
[Source "ChessBase"]
[SourceQuality "1"]
[TimeControl "40/5400+30:1800+30"]

1. d4 Nf6 2. Nf3 g6 3. c4 Bg7 4. g3 c6 5. Bg2 d5 6. O-O O-O 7. cxd5 cxd5 8. Ne5 Nfd7 9. f4 Nxe5 10. fxe5 f6 11. exf6 Rxf6 12. Bf4 e6 13. Nc3 Nc6 14. e3 g5 15. Be5 Rxf1+ 16. Qxf1 Nxe5 17. dxe5 Qb6 18. Qd3 Bd7 19. Rf1 Bxe5 20. Nxd5 exd5 21. Qxd5+ Qe6 22. Rd1 Qxd5 23. Rxd5 Bxb2 24. Rxd7 Rf8 25. Bxb7 Bc1 26. Re7 Ba3 27. Bd5+ Kh8 28. Rc7 Bd6 29. Rc6 Bb4 30. Kg2 Bd2 31. Re6 g4 32. Re7 h5 33. Bc4 Rc8 34. Bd3 Rc3 35. Bg6 Bxe3 36. Rh7+ Kg8 37. Rxh5 Rc1 38. h3 Rg1+ 39. Kh2 gxh3 40. Be4 Rd1 41. Kxh3 Kg7 42. Rf5 Rd2 43. Rf3 Bb6 44. a4 Rd4 45. Bc2 Rc4 46. Bb3 Re4 47. Rf7+ Kg6 48. Rf3 Rb4 49. Kg2 Rd4 50. Bc2+ Kg7 51. Kh3 Rc4 52. Bb3 Re4 53. Rd3 Rd4 54. Rc3 Re4 55. Bc2 Re5 56. Rb3 Re2 57. Bb1 Re3 58. Rb5 Ra3 59. Rb4 Bc7 60. Rg4+ Kf6 61. Rg6+ Kf7 62. Rg4 Kf6 63. Kg2 Ra1 64. Bc2 Ra3 65. Kf2 Rc3 66. Bd1 Bb6+ 67. Kf1 Rd3 68. Ke2 Rd4 69. Rg8 Rd8 70. Rg4 1/2-1/2

[Event "XIX Najdorf Memorial 2019"]
[Site "Warsaw"]
[Date "2019.07.12"]
[Round "7.11"]
[White "Fus, Jakub"]
[Black "Popovic, Dusan"]
[Result "1-0"]
[ECO "E94"]
[WhiteElo "2341"]
[BlackElo "2487"]
[Annotator "ChessBase"]
[PlyCount "89"]
[EventDate "2019.07.06"]
[EventType "swiss"]
[EventCountry "POL"]
[SourceTitle "playchess.com"]
[Source "ChessBase"]
[SourceQuality "1"]
[TimeControl "40/5400+30:1800+30"]

1. d4 Nf6 2. c4 g6 3. Nc3 Bg7 4. e4 d6 5. Nf3 O-O 6. Be2 e5 7. O-O c6 8. d5 Na6 9. Be3 Ng4 10. Bg5 f6 11. Bh4 c5 12. Ne1 Nh6 13. Nd3 g5 14. Bg3 f5 15. exf5 Nxf5 16. Ne4 Nc7 17. Bg4 Ne8 18. Re1 Nf6 19. f3 b5 20. b3 h5 21. Bxf5 Bxf5 22. Nxg5 Nxd5 23. h4 Nc3 24. Qd2 b4 25. Nf2 Bh6 26. Nfe4 Bxe4 27. fxe4 Qf6 28. a3 a5 29. axb4 axb4 30. Rxa8 Rxa8 31. Rf1 Qg6 32. Rf5 Rf8 33. Qd3 Rxf5 34. exf5 Qf6 35. Ne6 e4 36. Qxd6 Qxf5 37. Be5 Kf7 38. Qd7+ Kg6 39. Nf4+ Qxf4 40. Qe6+ Kh7 41. Bxf4 Bxf4 42. Qf7+ Kh8 43. Qxh5+ Kg7 44. Qg4+ Kh7 45. Kh1 1-0

[Event "XIX Najdorf Memorial 2019"]
[Site "Warsaw"]
[Date "2019.07.12"]
[Round "7.11"]
[White "Kopylov, Daniel"]
[Black "Krstulovic, Alex"]
[Result "0-1"]
[ECO "B13"]
[WhiteElo "2209"]
[BlackElo "2360"]
[Annotator "NA"]
[PlyCount "112"]
[EventDate "2019.07.06"]
[EventType "swiss"]
[EventCountry "POL"]
[SourceTitle "playchess.com"]
[Source "ChessBase"]
[SourceQuality "1"]
[TimeControl "40/5400+30:1800+30"]

1. e4 c6 2. d4 d5 3. exd5 cxd5 4. Bd3 Nc6 5. c3 Nf6 6. Bf4 g6 7. Nf3 Bf5 8. Bxf5 gxf5 9. O-O e6 10. Re1 Ne4 11. Qb3 Bd6 12. Bxd6 Qxd6 13. c4 dxc4 14. Qxc4 Qb4 15. Qe2 Rd8 16. a3 Qb3 17. Nbd2 Nxd2 18. Qxd2 Rg8 19. Qe3 Qd5 20. Rac1 Nxd4 21. Qxd4 Qxd4 22. Nxd4 Rxd4 23. Rc7 Rgg4 24. Rxb7 Rge4 25. Kf1 Rd2 26. Rxe4 fxe4 27. Ke1 e3 28. fxe3 Rxg2 29. b4 a6 30. Ra7 Rxh2 31. Rxa6 h5 32. b5 h4 33. Kf1 h3 34. a4 Rg2 35. b6 Kd7 36. Ra7+ Kc6 37. a5 Rg5 38. Rc7+ Kd6 39. Rc2 Rxa5 40. Rb2 Ra8 41. Kg1 Rg8+ 42. Kh1 Kc6 43. Rf2 f5 44. Rb2 Rb8 45. Rh2 Rxb6 46. Rxh3 Rb2 47. Kg1 Kd5 48. Kf1 Ke4 49. Ke1 e5 50. Kf1 Rc2 51. Ke1 Rc3 52. Kd2 Rd3+ 53. Ke2 f4 54. Rh8 f3+ 55. Ke1 Kxe3 56. Rh2 f2+ 0-1

[Event "XIX Najdorf Memorial 2019"]
[Site "Warsaw"]
[Date "2019.07.12"]
[Round "7.12"]
[White "Efimenko, Zahar"]
[Black "Fiedorek, Michal"]
[Result "1-0"]
[ECO "B51"]
[WhiteElo "2631"]
[BlackElo "2241"]
[Annotator "ChessBase"]
[PlyCount "49"]
[EventDate "2019.07.06"]
[EventType "swiss"]
[EventCountry "POL"]
[SourceTitle "playchess.com"]
[Source "ChessBase"]
[SourceQuality "1"]
[TimeControl "40/5400+30:1800+30"]

1. e4 c5 2. Nf3 d6 3. Bb5+ Nd7 4. c3 a6 5. Ba4 b5 6. Bc2 c4 7. b3 Bb7 8. bxc4 bxc4 9. Qe2 Rc8 10. Na3 Qc7 11. Rb1 d5 12. O-O e6 13. Re1 Ba8 14. exd5 Bxd5 15. d3 cxd3 16. Bxd3 Qa5 17. Nc4 Qa4 18. Nb6 Nxb6 19. Rxb6 Bc5 20. Bxa6 Qg4 21. Bxc8 Bxf3 22. Qb5+ Kf8 23. Qxc5+ Ne7 24. Qg5 Nxc8 25. Qd8# 1-0

[Event "XIX Najdorf Memorial 2019"]
[Site "Warsaw"]
[Date "2019.07.12"]
[Round "7.12"]
[White "Paszewski, Mateusz"]
[Black "Harsha Bharathakoti"]
[Result "0-1"]
[ECO "B53"]
[WhiteElo "2324"]
[BlackElo "2486"]
[Annotator "ChessBase"]
[PlyCount "64"]
[EventDate "2019.07.06"]
[EventType "swiss"]
[EventCountry "POL"]
[SourceTitle "playchess.com"]
[Source "ChessBase"]
[SourceQuality "1"]
[TimeControl "40/5400+30:1800+30"]

1. e4 c5 2. Nf3 d6 3. d4 cxd4 4. Qxd4 Nc6 5. Qe3 Nf6 6. Be2 g6 7. h3 Bg7 8. O-O O-O 9. Rd1 Be6 10. Nc3 Rc8 11. a3 Qc7 12. Rb1 a6 13. Bd2 Rfd8 14. Ng5 d5 15. Nxe6 fxe6 16. exd5 exd5 17. Qf4 e5 18. Qh4 Nd4 19. Bg5 Qf7 20. Rd2 h6 21. Bxf6 Bxf6 22. Qg4 h5 23. Qg3 Nf5 24. Qh2 Bg5 25. Rdd1 Bf4 26. g3 Bh6 27. Qg2 Nd4 28. Bd3 e4 29. Bf1 Nf3+ 30. Kh1 Bg7 31. Be2 Bxc3 32. bxc3 Rxc3 0-1

[Event "XIX Najdorf Memorial 2019"]
[Site "Warsaw"]
[Date "2019.07.12"]
[Round "7.13"]
[White "Jarmula, Lukasz"]
[Black "Baum, Jonasz"]
[Result "1/2-1/2"]
[ECO "B52"]
[WhiteElo "2480"]
[BlackElo "2308"]
[Annotator "ChessBase"]
[PlyCount "76"]
[EventDate "2019.07.06"]
[EventType "swiss"]
[EventCountry "POL"]
[SourceTitle "playchess.com"]
[Source "ChessBase"]
[SourceQuality "1"]
[TimeControl "40/5400+30:1800+30"]

1. e4 c5 2. Nf3 d6 3. Bb5+ Bd7 4. Bxd7+ Qxd7 5. c4 Nf6 6. Nc3 g6 7. d4 cxd4 8. Nxd4 Bg7 9. f3 O-O 10. Be3 Nc6 11. O-O a6 12. Qd3 Ne5 13. Qe2 Rfc8 14. b3 b5 15. Nd5 Nxd5 16. cxd5 Rc3 17. Rac1 Rac8 18. Rxc3 Rxc3 19. Bd2 Rc7 20. f4 Nc4 21. Nc6 Nxd2 22. Qxd2 Rc8 23. h3 e6 24. Rc1 Re8 25. a4 exd5 26. Qxd5 Qe6 27. Qxe6 Rxe6 28. a5 Rxe4 29. Nb8 Bd4+ 30. Kh1 Be3 31. Re1 d5 32. Nxa6 Bd2 33. Ra1 Bxf4 34. Nc5 Re7 35. a6 Ra7 36. Rd1 Be3 37. Rxd5 Bxc5 38. Rxc5 Rxa6 1/2-1/2

[Event "XIX Najdorf Memorial 2019"]
[Site "Warsaw"]
[Date "2019.07.12"]
[Round "7.13"]
[White "Nguyen, Piotr"]
[Black "Lapaj, Mateusz"]
[Result "1-0"]
[ECO "E63"]
[WhiteElo "2420"]
[BlackElo "2223"]
[Annotator "NA"]
[PlyCount "83"]
[EventDate "2019.07.06"]
[EventType "swiss"]
[EventCountry "POL"]
[SourceTitle "playchess.com"]
[Source "ChessBase"]
[SourceQuality "1"]
[TimeControl "40/5400+30:1800+30"]

1. d4 Nf6 2. c4 g6 3. g3 Bg7 4. Bg2 O-O 5. Nc3 d6 6. Nf3 Nc6 7. O-O a6 8. Qd3 Bf5 9. e4 Bg4 10. Ne1 Qd7 11. Nc2 e5 12. d5 Ne7 13. f4 Nh5 14. fxe5 Bxe5 15. Bh6 Ng7 16. Bf4 f6 17. b4 Bh3 18. c5 Bxg2 19. Kxg2 Bxf4 20. Rxf4 a5 21. Rb1 axb4 22. Rxb4 c6 23. Qc4 cxd5 24. Nxd5 Nxd5 25. Qxd5+ Qe6 26. a4 dxc5 27. Rxb7 Qxd5 28. exd5 Rfd8 29. Ne3 Nf5 30. Nxf5 gxf5 31. Rxf5 Rxa4 32. Rh5 Rd4 33. Rhxh7 R4xd5 34. Rbg7+ Kf8 35. Rc7 Kg8 36. h4 Re5 37. Kh3 Red5 38. Rhg7+ Kh8 39. Rgf7 Rf5 40. Kg4 Rf1 41. Rxc5 Rg8+ 42. Kh5 1-0

[Event "XIX Najdorf Memorial 2019"]
[Site "Warsaw"]
[Date "2019.07.12"]
[Round "7.14"]
[White "AlHuwar, Jasem"]
[Black "Gagare, Shardul"]
[Result "0-1"]
[ECO "A05"]
[WhiteElo "2255"]
[BlackElo "2476"]
[Annotator "ChessBase"]
[PlyCount "66"]
[EventDate "2019.07.06"]
[EventType "swiss"]
[EventCountry "POL"]
[SourceTitle "playchess.com"]
[Source "ChessBase"]
[SourceQuality "1"]
[TimeControl "40/5400+30:1800+30"]

1. Nf3 Nf6 2. g3 d5 3. Bg2 Bf5 4. O-O e6 5. d3 c6 6. c4 Be7 7. Nc3 O-O 8. Qb3 Na6 9. cxd5 exd5 10. Qxb7 Nc5 11. Qb4 Nxd3 12. Qd4 c5 13. Qa4 Nxc1 14. Raxc1 d4 15. Nb1 Rb8 16. Ne5 Rxb2 17. Qxa7 Bd6 18. Nc4 Rxe2 19. Nxd6 Qxd6 20. Qxc5 Qxc5 21. Rxc5 g6 22. a4 Ra2 23. Bc6 Rc8 24. a5 Ra1 25. a6 Bxb1 26. a7 Rxa7 27. Rxb1 Rac7 28. Rb6 d3 29. Kf1 d2 30. Ke2 Rd8 31. Kd1 Re7 32. Bf3 Re1+ 33. Kc2 Rc1+ 0-1

[Event "XIX Najdorf Memorial 2019"]
[Site "Warsaw"]
[Date "2019.07.12"]
[Round "7.14"]
[White "Czopor, Maciej"]
[Black "Terletsky, Oleg"]
[Result "1-0"]
[ECO "C92"]
[WhiteElo "2250"]
[BlackElo "2408"]
[Annotator "NA"]
[PlyCount "83"]
[EventDate "2019.07.06"]
[EventType "swiss"]
[EventCountry "POL"]
[SourceTitle "playchess.com"]
[Source "ChessBase"]
[SourceQuality "1"]
[TimeControl "40/5400+30:1800+30"]

1. e4 e5 2. Nf3 Nc6 3. Bb5 a6 4. Ba4 Nf6 5. O-O Be7 6. Re1 b5 7. Bb3 d6 8. c3 O-O 9. h3 Bb7 10. d4 Re8 11. Nbd2 Bf8 12. a3 h6 13. d5 Ne7 14. Nh2 c6 15. dxc6 Bxc6 16. Qf3 Ng6 17. Ng4 Ra7 18. Nxf6+ Qxf6 19. Qxf6 gxf6 20. a4 b4 21. cxb4 Rb8 22. Bc4 Rxb4 23. b3 a5 24. Nf1 Nf4 25. Bd2 Rb8 26. Bxf4 exf4 27. Nd2 f5 28. Bd5 Bd7 29. Rac1 Bg7 30. exf5 Bxf5 31. Rc4 Be5 32. Nf3 Rxb3 33. Nxe5 dxe5 34. Rxe5 Rb1+ 35. Kh2 Bg6 36. Rxf4 Rc7 37. Bf3 Ra7 38. Kg3 Rb3 39. Rc4 Bd3 40. Rcc5 Rb4 41. Red5 Rb3 42. Kh2 1-0

[Event "XIX Najdorf Memorial 2019"]
[Site "Warsaw"]
[Date "2019.07.12"]
[Round "7.15"]
[White "Krishna Teja, N."]
[Black "Kubicka, Anna"]
[Result "1/2-1/2"]
[ECO "A56"]
[WhiteElo "2368"]
[BlackElo "2202"]
[Annotator "NA"]
[PlyCount "62"]
[EventDate "2019.07.06"]
[EventType "swiss"]
[EventCountry "POL"]
[SourceTitle "playchess.com"]
[Source "ChessBase"]
[SourceQuality "1"]
[TimeControl "40/5400+30:1800+30"]

1. d4 Nf6 2. c4 c5 3. Nf3 cxd4 4. Nxd4 e5 5. Nb5 d6 6. N5c3 Be6 7. e4 Nc6 8. Bd3 Be7 9. O-O O-O 10. h3 h6 11. Be3 Nb4 12. Be2 Rc8 13. a3 Nc6 14. Nd2 Nd7 15. b4 Bg5 16. Bxg5 Qxg5 17. Nf3 Qg6 18. Qxd6 Rfd8 19. Qd3 Nd4 20. Nd5 Bxd5 21. cxd5 Rc3 22. Qd1 Qxe4 23. Nxd4 exd4 24. Bf3 Qf4 25. Re1 Ne5 26. Be4 d3 27. g3 Qf6 28. Ra2 Rdc8 29. Rd2 Rxa3 30. f4 Ng6 31. Rxd3 Rcc3 1/2-1/2

[Event "XIX Najdorf Memorial 2019"]
[Site "Warsaw"]
[Date "2019.07.12"]
[Round "7.15"]
[White "Kowalski, Igor"]
[Black "Menezes, Christoph"]
[Result "1/2-1/2"]
[ECO "D90"]
[WhiteElo "2320"]
[BlackElo "2413"]
[Annotator "NA"]
[PlyCount "79"]
[EventDate "2019.07.06"]
[EventType "swiss"]
[EventCountry "POL"]
[SourceTitle "playchess.com"]
[Source "ChessBase"]
[SourceQuality "1"]
[TimeControl "40/5400+30:1800+30"]

1. d4 Nf6 2. c4 g6 3. Nc3 d5 4. Nf3 Bg7 5. h4 dxc4 6. e4 c5 7. d5 b5 8. e5 Ng4 9. Nxb5 Qa5+ 10. Nc3 Nxe5 11. Nxe5 Bxe5 12. Bd2 Nd7 13. Bxc4 Rb8 14. Qc1 Qb6 15. b3 a6 16. h5 f5 17. Na4 Qf6 18. Bg5 Qd6 19. Rb1 h6 20. Bd2 g5 21. Bc3 O-O 22. O-O Bxc3 23. Qxc3 Nf6 24. Be2 Ne4 25. Qc2 Bb7 26. Rfd1 g4 27. Bxg4 Bxd5 28. Be2 e6 29. Bc4 Rbc8 30. f3 Nf6 31. Bxd5 Nxd5 32. Nc3 Qe5 33. Nxd5 exd5 34. Qd2 Kh7 35. Qxd5 Qe3+ 36. Kh1 Qg5 37. Qb7+ Kh8 38. Qxa6 Rg8 39. Rb2 Rce8 40. Qd6 1/2-1/2

[Event "XIX Najdorf Memorial 2019"]
[Site "Warsaw"]
[Date "2019.07.12"]
[Round "7.16"]
[White "Sliwicki, Damian"]
[Black "Akesson, Ralf"]
[Result "1/2-1/2"]
[ECO "B54"]
[WhiteElo "2232"]
[BlackElo "2365"]
[Annotator "NA"]
[PlyCount "56"]
[EventDate "2019.07.06"]
[EventType "swiss"]
[EventCountry "POL"]
[SourceTitle "playchess.com"]
[Source "ChessBase"]
[SourceQuality "1"]
[TimeControl "40/5400+30:1800+30"]

1. e4 c5 2. Nf3 d6 3. d4 cxd4 4. Nxd4 Nf6 5. f3 Nc6 6. c4 g6 7. Be3 Bg7 8. Nc3 O-O 9. Be2 Nxd4 10. Bxd4 Be6 11. O-O Qa5 12. Rc1 Rfc8 13. b3 a6 14. Kh1 b5 15. cxb5 axb5 16. Nxb5 Rxc1 17. Qxc1 Qxa2 18. Nc7 Rc8 19. Ba6 Rxc7 20. Qxc7 Qxa6 21. Qd8+ Bf8 22. Ra1 Qd3 23. Bxf6 exf6 24. h3 Qc3 25. Ra8 Qc1+ 26. Kh2 Qf4+ 27. Kg1 Qc1+ 28. Kh2 Qf4+ 1/2-1/2

[Event "XIX Najdorf Memorial 2019"]
[Site "Warsaw"]
[Date "2019.07.12"]
[Round "7.17"]
[White "Kucza, Karol"]
[Black "Lisowski, Krzysztof"]
[Result "1-0"]
[ECO "B33"]
[WhiteElo "2315"]
[BlackElo "2187"]
[Annotator "NA"]
[PlyCount "79"]
[EventDate "2019.07.06"]
[EventType "swiss"]
[EventCountry "POL"]
[SourceTitle "playchess.com"]
[Source "ChessBase"]
[SourceQuality "1"]
[TimeControl "40/5400+30:1800+30"]

1. e4 c5 2. Nf3 Nc6 3. d4 cxd4 4. Nxd4 Nf6 5. Nc3 e5 6. Ndb5 d6 7. Bg5 a6 8. Na3 b5 9. Nd5 Be7 10. Bxf6 Bxf6 11. c3 Bg5 12. Nc2 Ne7 13. a4 bxa4 14. Nxe7 Qxe7 15. Rxa4 O-O 16. Bc4 a5 17. O-O Bd7 18. Ra2 Kh8 19. Qd3 f5 20. Bd5 Rab8 21. b4 axb4 22. Nxb4 f4 23. Rfa1 Qe8 24. Ra8 Qh5 25. Rxb8 Rxb8 26. Bc6 Be6 27. f3 Be7 28. Qa6 Qh4 29. Qa7 Rf8 30. Bd5 Bc8 31. Nc6 Bd8 32. Rb1 Qg5 33. Nxd8 Qxd8 34. c4 Qf6 35. Qc7 h6 36. Rb8 Qh4 37. Kf1 Qxh2 38. Rxc8 Qh1+ 39. Kf2 Qh4+ 40. Ke2 1-0

[Event "XIX Najdorf Memorial 2019"]
[Site "Warsaw"]
[Date "2019.07.12"]
[Round "7.18"]
[White "Zebracki, Tomasz"]
[Black "Hassan, Abdullah"]
[Result "1-0"]
[ECO "C01"]
[WhiteElo "2183"]
[BlackElo "2311"]
[Annotator "NA"]
[PlyCount "55"]
[EventDate "2019.07.06"]
[EventType "swiss"]
[EventCountry "POL"]
[SourceTitle "playchess.com"]
[Source "ChessBase"]
[SourceQuality "1"]
[TimeControl "40/5400+30:1800+30"]

1. e4 e6 2. d4 d5 3. exd5 exd5 4. Bd3 Nc6 5. Ne2 Bd6 6. Nbc3 Nb4 7. Bb5+ c6 8. Ba4 Ne7 9. Bf4 O-O 10. O-O Bf5 11. Qd2 Ng6 12. Bxd6 Qxd6 13. Ng3 Bd7 14. Nce2 Rae8 15. f4 f5 16. Nc1 c5 17. Bxd7 Qxd7 18. dxc5 Qb5 19. Nb3 Qc4 20. Rad1 Rd8 21. Nd4 Qxc5 22. Kh1 Rfe8 23. Ngxf5 Re4 24. Ng3 Ree8 25. f5 Nf8 26. f6 Rd7 27. fxg7 Rxg7 28. Nh5 1-0

[Event "XIX Najdorf Memorial 2019"]
[Site "Warsaw"]
[Date "2019.07.12"]
[Round "7.19"]
[White "Punin, Andrii"]
[Black "Malynovskyi, Rostyslav"]
[Result "1/2-1/2"]
[ECO "A33"]
[WhiteElo "2305"]
[BlackElo "2156"]
[Annotator "NA"]
[PlyCount "168"]
[EventDate "2019.07.06"]
[EventType "swiss"]
[EventCountry "POL"]
[SourceTitle "playchess.com"]
[Source "ChessBase"]
[SourceQuality "1"]
[TimeControl "40/5400+30:1800+30"]

1. Nf3 c5 2. c4 Nc6 3. d4 cxd4 4. Nxd4 Nf6 5. Nc3 e6 6. a3 Qc7 7. Bg5 Be7 8. e3 a6 9. Be2 O-O 10. Rc1 Ne5 11. Bf4 d6 12. O-O b6 13. b4 Bb7 14. Na4 Nfd7 15. Bg3 Rfc8 16. f4 Nc6 17. Nc3 Qd8 18. Nf3 Nf6 19. Rc2 Rab8 20. Qd3 Qe8 21. Ng5 h6 22. Nh3 Rd8 23. Bf3 d5 24. cxd5 exd5 25. Ne2 Ne4 26. f5 Nxg3 27. hxg3 Ne5 28. Qb3 Bf6 29. Nd4 Nc4 30. Kf2 Nd6 31. Nf4 Ne4+ 32. Bxe4 dxe4 33. Rd2 Bc6 34. Re1 Rbc8 35. Qa2 Bb7 36. Nde2 Qb5 37. g4 Rxd2 38. Qxd2 Qa4 39. Rc1 Rd8 40. Qa2 Qd7 41. Rc4 Be5 42. Qc2 Qe7 43. Rxe4 Bxe4 44. Qxe4 Qd6 45. g3 b5 46. Nh3 Bb2 47. g5 Bxa3 48. gxh6 Qxh6 49. Nef4 Qd6 50. Ng5 Qxb4 51. Qh1 Qb2+ 52. Kf3 Qf6 53. Kg4 Qh6 54. Qb7 Rf8 55. Qe4 Bd6 56. Ng6 fxg6 57. Qe6+ Kh8 58. fxg6 Ba3 59. e4 Qh2 60. Nf7+ Rxf7 61. gxf7 Qe2+ 62. Kh4 Qf3 63. e5 g5+ 64. Kxg5 Qxg3+ 65. Kh5 Qf3+ 66. Kg6 Qe4+ 67. Kf6 Qh4+ 68. Kg6 Qh7+ 69. Kg5 Qg7+ 70. Kf4 Bc1+ 71. Kf3 Ba3 72. Qf5 Bf8 73. e6 Qc3+ 74. Ke2 Qc4+ 75. Kd1 Qd4+ 76. Ke2 Qc4+ 77. Kd1 Qb3+ 78. Ke2 Qa2+ 79. Kd1 Qa4+ 80. Ke2 Qa2+ 81. Kd1 Qa1+ 82. Ke2 Qb2+ 83. Kd1 Qd4+ 84. Ke2 Qc4+ 1/2-1/2

[Event "XIX Najdorf Memorial 2019"]
[Site "Warsaw"]
[Date "2019.07.12"]
[Round "7.20"]
[White "Markiewicz, Jerzy"]
[Black "Miroshnichenko, Pavel"]
[Result "1/2-1/2"]
[ECO "C91"]
[WhiteElo "2170"]
[BlackElo "2300"]
[Annotator "NA"]
[PlyCount "114"]
[EventDate "2019.07.06"]
[EventType "swiss"]
[EventCountry "POL"]
[SourceTitle "playchess.com"]
[Source "ChessBase"]
[SourceQuality "1"]
[TimeControl "40/5400+30:1800+30"]

1. e4 e5 2. Nf3 Nc6 3. Bb5 a6 4. Ba4 Nf6 5. O-O Be7 6. Re1 b5 7. Bb3 d6 8. c3 O-O 9. d4 Bg4 10. d5 Na5 11. Bc2 c6 12. h3 Bc8 13. dxc6 Qc7 14. Nbd2 Qxc6 15. Nf1 Re8 16. Bg5 h6 17. Bxf6 Bxf6 18. Ne3 Be6 19. Nd5 Bd8 20. Nd2 Rc8 21. a4 Qb7 22. axb5 axb5 23. b4 Nc4 24. Nxc4 Rxc4 25. Ra3 Qc8 26. Bb3 Rc6 27. Qd3 Rf8 28. Qxb5 Bxd5 29. Bxd5 Rxc3 30. Rxc3 Qxc3 31. Re3 Qd4 32. g3 Qa7 33. Rf3 Kh7 34. Qc6 f6 35. b5 Bc7 36. Qd7 Bb6 37. Qxd6 Rc8 38. Qe6 Rd8 39. Qf5+ Kh8 40. Qg6 Qd7 41. Kg2 Rf8 42. Bc6 Qf7 43. Qg4 h5 44. Qd7 Qxd7 45. Bxd7 Rd8 46. Rd3 Bd4 47. Bc6 Kg8 48. h4 Kf8 49. Ra3 Bc5 50. Rc3 Bd4 51. Rc2 Rc8 52. f4 Ke7 53. f5 Rc7 54. Ra2 Ra7 55. Ra6 Kd8 56. Bd5 Rxa6 57. bxa6 Kc7 1/2-1/2

[Event "XIX Najdorf Memorial 2019"]
[Site "Warsaw"]
[Date "2019.07.12"]
[Round "7.21"]
[White "Rakshitta Ravi"]
[Black "Szustakowski, Antoni"]
[Result "1-0"]
[ECO "C01"]
[WhiteElo "2112"]
[BlackElo "2279"]
[Annotator "NA"]
[PlyCount "83"]
[EventDate "2019.07.06"]
[EventType "swiss"]
[EventCountry "POL"]
[SourceTitle "playchess.com"]
[Source "ChessBase"]
[SourceQuality "1"]
[TimeControl "40/5400+30:1800+30"]

1. e4 e6 2. d4 d5 3. Nc3 Nf6 4. exd5 exd5 5. Bg5 Be7 6. Qd2 c6 7. O-O-O Be6 8. Bd3 h6 9. Bh4 Qb6 10. Re1 O-O 11. Nf3 Nbd7 12. g4 Rfe8 13. g5 Ne4 14. Nxe4 dxe4 15. Bxe4 h5 16. g6 f6 17. Qf4 Nf8 18. Bd3 Rad8 19. Rxe6 Nxe6 20. Qf5 Nf8 21. Bc4+ Rd5 22. Bxd5+ cxd5 23. Qxd5+ Qe6 24. Qxe6+ Nxe6 25. Bg3 Nf8 26. Nh4 Bd8 27. Kd2 f5 28. Nxf5 Nxg6 29. Bd6 Kf7 30. f4 Kf6 31. Ne3 Ke6 32. Be5 Nxe5 33. fxe5 Rf8 34. Rf1 Rxf1 35. Nxf1 Kf5 36. Ke3 g5 37. Ng3+ Kg4 38. Ke4 h4 39. Nf1 Kh3 40. d5 g4 41. d6 Kg2 42. e6 1-0

[Event "XIX Najdorf Memorial 2019"]
[Site "Warsaw"]
[Date "2019.07.12"]
[Round "7.22"]
[White "Sanz Wawer, Daniel"]
[Black "Pacan-Milej, Kosma"]
[Result "1/2-1/2"]
[ECO "A16"]
[WhiteElo "2154"]
[BlackElo "2272"]
[Annotator "NA"]
[PlyCount "82"]
[EventDate "2019.07.06"]
[EventType "swiss"]
[EventCountry "POL"]
[SourceTitle "playchess.com"]
[Source "ChessBase"]
[SourceQuality "1"]
[TimeControl "40/5400+30:1800+30"]

1. c4 Nf6 2. Nc3 d6 3. g3 e5 4. Bg2 Be7 5. Nf3 O-O 6. O-O Nbd7 7. Qc2 c6 8. d4 Qc7 9. e4 a6 10. d5 cxd5 11. cxd5 b5 12. a3 Nc5 13. Nd2 Bd7 14. Nb3 Na4 15. Bd2 Rfc8 16. Qb1 Bd8 17. Rc1 Qa7 18. Be3 Bb6 19. Bxb6 Qxb6 20. Nd1 b4 21. Qd3 Rab8 22. Rxc8+ Rxc8 23. Rc1 Rxc1 24. Nxc1 Nc5 25. Qe3 bxa3 26. bxa3 Qb1 27. f3 Qc2 28. Nc3 Ne8 29. N1e2 Nc7 30. Bf1 Qb3 31. Qc1 Qb6 32. Qe3 h6 33. Kg2 Qb3 34. Qc1 f5 35. h3 Kh8 36. g4 fxe4 37. fxe4 Nb5 38. Nxb5 Bxb5 39. Ng3 Bd3 40. Bxd3 Qxd3 41. Qf1 Qxa3 1/2-1/2

[Event "XIX Najdorf Memorial 2019"]
[Site "Warsaw"]
[Date "2019.07.12"]
[Round "7.23"]
[White "Harazinska, Magdalena"]
[Black "Siekanski, Janusz"]
[Result "1/2-1/2"]
[ECO "D32"]
[WhiteElo "2004"]
[BlackElo "2270"]
[Annotator "NA"]
[PlyCount "87"]
[EventDate "2019.07.06"]
[EventType "swiss"]
[EventCountry "POL"]
[SourceTitle "playchess.com"]
[Source "ChessBase"]
[SourceQuality "1"]
[TimeControl "40/5400+30:1800+30"]

1. d4 d5 2. c4 e6 3. Nc3 c5 4. cxd5 exd5 5. Nf3 Nc6 6. dxc5 d4 7. Na4 Bxc5 8. Nxc5 Qa5+ 9. Bd2 Qxc5 10. Rc1 Qb6 11. e3 Nf6 12. Bc4 O-O 13. O-O Bg4 14. exd4 Rad8 15. Bc3 Ne5 16. Be2 Bxf3 17. Bxf3 Nxf3+ 18. Qxf3 Nd5 19. Rfe1 Qa6 20. a3 Qb5 21. h3 Rfe8 22. Re5 f6 23. Rxe8+ Rxe8 24. Bd2 Rd8 25. b4 h6 26. Qf5 Qd7 27. Qxd7 Rxd7 28. Kf1 Kf7 29. Ke2 Rc7 30. Rc5 Ke6 31. Kd3 b6 32. Rxc7 Nxc7 33. Kc4 a6 34. a4 Nd5 35. Bc1 Kd6 36. Ba3 b5+ 37. axb5 Nb6+ 38. Kd3 axb5 39. Ke4 Nd5 40. Bc1 Ke6 41. Bd2 f5+ 42. Kd3 h5 43. f3 g6 44. g3 {[%emt 0:06:35] Ke5 Ke4+} 1/2-1/2

[Event "XIX Najdorf Memorial 2019"]
[Site "Warsaw"]
[Date "2019.07.12"]
[Round "7.24"]
[White "Bus, Konrad"]
[Black "Murawko, Katarzyna"]
[Result "1-0"]
[ECO "A00"]
[WhiteElo "2264"]
[BlackElo "2057"]
[Annotator "NA"]
[PlyCount "69"]
[EventDate "2019.07.06"]
[EventType "swiss"]
[EventCountry "POL"]
[SourceTitle "playchess.com"]
[Source "ChessBase"]
[SourceQuality "1"]
[TimeControl "40/5400+30:1800+30"]

1. g3 g6 2. Bg2 Bg7 3. d4 d6 4. Nf3 Nf6 5. O-O O-O 6. b3 c6 7. Bb2 Nbd7 8. Nbd2 Qc7 9. e4 e5 10. dxe5 dxe5 11. Qe2 b5 12. a4 Rb8 13. Rfc1 Rd8 14. axb5 cxb5 15. c4 b4 16. c5 Ne8 17. c6 Nf8 18. Qe3 a6 19. Bf1 Rb6 20. Bxe5 Bxe5 21. Nxe5 Nd6 22. Ndc4 Nxc4 23. Bxc4 Be6 24. f4 Kg7 25. Rxa6 Rxa6 26. Bxa6 f6 27. Nf3 Ra8 28. Be2 Bf7 29. e5 fxe5 30. Qxe5+ Qxe5 31. Nxe5 Bxb3 32. c7 Be6 33. Bf3 Re8 34. Bc6 Rc8 35. Bb7 1-0

[Event "XIX Najdorf Memorial 2019"]
[Site "Warsaw"]
[Date "2019.07.12"]
[Round "7.25"]
[White "Antolak, Julia"]
[Black "Dzida, Kamil"]
[Result "1/2-1/2"]
[ECO "B90"]
[WhiteElo "2258"]
[BlackElo "1987"]
[Annotator "NA"]
[PlyCount "60"]
[EventDate "2019.07.06"]
[EventType "swiss"]
[EventCountry "POL"]
[SourceTitle "playchess.com"]
[Source "ChessBase"]
[SourceQuality "1"]
[TimeControl "40/5400+30:1800+30"]

1. e4 c5 2. Nf3 d6 3. d4 cxd4 4. Nxd4 Nf6 5. Nc3 a6 6. Be3 e5 7. Nb3 Be6 8. f3 Be7 9. Qd2 Nbd7 10. O-O-O h5 11. Kb1 b5 12. Nd5 Bxd5 13. exd5 Nb6 14. f4 Nbxd5 15. c4 Nxe3 16. Qxe3 O-O 17. cxb5 axb5 18. Bxb5 Ng4 19. Qf3 e4 20. Qe2 Qb6 21. Rd5 Nf6 22. Rg5 d5 23. Rd1 Rfd8 24. Nd4 Bc5 25. Nf5 g6 26. Ng3 h4 27. Nf5 Nh7 28. Rg4 Nf6 29. Rg5 Nh7 30. Rg4 Nf6 1/2-1/2